 Dungeon Crawl Stone Soup version 0.23-a0-644-gb60d84b (webtiles) character file.

156 Borgoz the Sneak (level 5, -8/36 HPs)
             Began as a Halfling Assassin on Jan 1, 2019.
             Killed from afar by Natasha (9 damage)
             ... with a magic dart
             ... on level 3 of the Dungeon.
             The game lasted 00:07:10 (3966 turns).

Borgoz the Sneak (Halfling Assassin)                Turns: 3966, Time: 00:07:11

Health: -8/36      AC:  2    Str: 13    XL:     5   Next: 65%
Magic:  5/5        EV: 16    Int:  9    God:
Gold:   132        SH:  0    Dex: 16    Spells: 4/4 levels left

rFire    . . .     SeeInvis .   a - +2 dagger
rCold    . . .     Gourm    .   (shield restricted)
rNeg     . . .     Faith    .   c - +0 robe
rPois    .         Spirit   .   (no helmet)
rElec    .         Reflect  .   d - +0 cloak
rCorr    .         Harm     .   (no gloves)
MR       .....                  (no boots)
Stlth    +++.......             (no amulet)
HPRegen  0.12/turn              (no ring)
MPRegen  0.09/turn              (no ring)

@: no status effects
A: small, blurry vision 1, deformed body, mutation resistance 1
a: no special abilities


You were on level 3 of the Dungeon.
You were not hungry.

You visited 1 branch of the dungeon, and saw 4 of its levels.

You collected 132 gold pieces.

Inventory:

Hand Weapons
 a - a +2 dagger (weapon)
 b - a +0 blowgun
 l - a +1 dagger of draining
 u - a +0 dagger of distortion
Missiles
 f - 2 curare-tipped needles
 r - 6 poisoned needles
Armour
 c - a +0 robe (worn)
 d - a +0 cloak (worn)
 k - a cursed +0 ring mail
Jewellery
 j - an uncursed ring of stealth {unknown}
 m - an uncursed ring of poison resistance {unknown}
 p - an uncursed amulet of faith {unknown}
Wands
 e - a wand of random effects (9)
 s - a wand of polymorph (6)
Scrolls
 h - 2 scrolls of identify {unknown}
 i - a scroll of remove curse {unknown}
 n - 2 scrolls of amnesia {unknown}
 q - a scroll of enchant armour {unknown}
 t - a scroll of teleportation {unknown}
Comestibles
 g - 5 rations


   Skills:
 * Level 2.8 Fighting
 + Level 3.5 Short Blades
 - Level 2.0 Throwing
 * Level 3.1 Dodging
 + Level 5.3 Stealth


You had 4 spell levels left.
You didn't know any spells.
Your spell library was empty.

Dungeon Overview and Level Annotations

Branches:
Dungeon (4/15)
 Temple: D:4-7

Altars:
Gozag

Shops:
D:2 *

Annotations:
D:3 Natasha
D:4 1 transporter


Innate Abilities, Weirdness & Mutations

You are small and have problems with some larger weapons.
You are somewhat resistant to further mutation.
Scrolls take you a little longer to read.
Armour fits poorly on your strangely shaped body.


Message History

The white imp disappears in a puff of smoke!
Natasha mewls in sadness.
All of the chunks of flesh in your inventory have rotted away.
Natasha mumbles some strange words.
Natasha howls an incantation.
Natasha glows brightly for a moment.
The crimson imp blinks!
The crimson imp blinks!
You hit the crimson imp but do no damage.
You hit the crimson imp.
The crimson imp is moderately wounded.
The crimson imp misses you.
The iron imp disappears in a puff of smoke!
Natasha claws you.
* * * LOW HITPOINT WARNING * * *
You hit Natasha but do no damage. The crimson imp hits you.
* * * LOW HITPOINT WARNING * * *
Natasha casts a spell at you. The magic dart hits you!
You die...

#.# ###.#...####
#.# ............
#.# ##.#...####
#.# #.#...#### #.#
#####.#....... #.#
.............. #.#
#####......... #h#
#......... #@#
#.........
#5#.#####.........
#.#.............##
#.#######..#..#.#
#.................
#####..>........#.
##........#.#
#..###.#.###
#..........


You could see Natasha and a crimson imp.

Vanquished Creatures
  Ijyb (D:3)
  Robin (D:4)
  4 adders
  An ooze (D:1)
  A dart slug (D:2)
  3 leopard geckos
  An orc (D:3)
  7 giant cockroaches
  11 goblins
  14 hobgoblins
  3 jackals (D:1)
  5 bats
  7 frilled lizards
  6 kobolds
  8 rats
73 creatures vanquished.

Notes
Turn   | Place    | Note
-------+----------+-------------------------------------------
     0 | D:1      | Borgoz the Halfling Assassin began the quest for the Orb.
     0 | D:1      | Reached XP level 1. HP: 14/14 MP: 1/1
   101 | D:1      | Reached XP level 2. HP: 16/19 MP: 2/2
   243 | D:1      | Gained mutation: Scrolls take you a little longer to read.
                  | [potion of mutation]
   243 | D:1      | Gained mutation: Armour fits poorly on your strangely
                  | shaped body. [potion of mutation]
   280 | D:1      | Reached skill level 5 in Stealth
   299 | D:1      | Reached XP level 3. HP: 4/24 MP: 3/3
  1356 | D:2      | Found an opulent altar of Gozag.
  1356 | D:2      | Found Gozag's Platinum Reserve.
  1467 | D:2      | Reached XP level 4. HP: 23/29 MP: 4/4
  1807 | D:2      | HP: 1/30 [poisoned by an adder]
  2713 | D:3      | Noticed Ijyb
  2716 | D:3      | Paralysed by Ijyb for 4 turns
  2731 | D:3      | Reached XP level 5. HP: 25/35 MP: 5/5
  2750 | D:3      | Paralysed by Ijyb for 6 turns
  2758 | D:3      | Paralysed by Ijyb for 4 turns
  2844 | D:3      | Killed Ijyb
  3080 | D:3      | Noticed Robin
  3417 | D:4      | Found a transporter.
  3533 | D:4      | Killed Robin
  3932 | D:3      | Noticed Natasha
  3966 | D:3      | HP: 1/36 [crimson imp[Natasha] (2)]
  3966 | D:3      | Killed from afar by Natasha

Vault maps used:
D:1:      dpeg_arrival_pond
D:2:      nicolae_gozag_zags_fifth_avenue
D:3:      uniq_natasha, uniq_grinder, uniq_robin, uniq_ijyb, uniq_terence
D:4:      gammafunk_cloud_chamber, nicolae_overflow_hidden_temple,
          grunt_temple_overflow_open, first_ration, minivault_24,
          nzn_random_ring, uniq_duvessa, uniq_edmund

Skill      XL: |  1  2  3  4  5 |
---------------+----------------+-----
Fighting       | 2 |  2.8
Stealth        | 5 |  5.3
Dodging        | 2 3 |  3.1
Short Blades   | 3 |  3.5
Throwing       | |  2.0

Action                   |  1- 3 |  4- 6 || total
-------------------------+-------+-------++-------
Melee: Dagger            |   106 |   210 ||   316
 Fire: Blowgun           |     5 |    18 ||    23
  Use: Potion            |     1 |     1 ||     2
 Stab: Sleeping          |     6 |     5 ||    11
  Eat: Chunk             |     1 |     9 ||    10
Armor: Robe              |    23 |    14 ||    37
Dodge: Dodged            |   104 |   173 ||   277

Table legend:
 A = Non-vault XP
 B = Vault XP
 C = Vault XP percentage of total XP
 D = Non-vault monster count
 E = Vault monster count
 F = Vault count percentage of total count
                 A         B        C        D         E       F
            +---------+---------+-------+---------+---------+-------
      Total |     151 |      73 |  32.6 |      59 |      14 |  19.2
            +---------+---------+-------+---------+---------+-------
        D:1 |      51 |       0 |   0.0 |      29 |       0 |   0.0
        D:2 |      68 |       0 |   0.0 |      18 |       0 |   0.0
        D:3 |      31 |      54 |  63.5 |      11 |      11 |  50.0
        D:4 |       1 |      19 |  95.0 |       1 |       3 |  75.0
            +---------+---------+-------+---------+---------+-------
